MLB
PITTSBURGH PIRATES @ WASHINGTON NATIONALS
02/28/2047
 
TOP OF THE 1ST
Pittsburgh Pirates batting - Pitching for Washington Nationals : RHP Travis Plesz
Pitching: RHP Travis Plesz
Batting: LHB Micah Boshnjaku 0-0: Ball
1-0: Called Strike
1-1: Called Strike
1-2: Ball
2-2: Ground out 2-3 (Groundball, 2L, EV 66.9 MPH)
Batting: RHB David Contreras 0-0: Ball
1-0: Ground out 5-3 (Groundball, 56, EV 86.9 MPH)
Batting: SHB Marvin McAleer 0-0: Ball
1-0: Ball
2-0: Ball
3-0: Called Strike
3-1: Called Strike
3-2: Foul Ball, location: 2F
3-2: Foul Ball, location: 2F
3-2: Base on Balls
Batting: RHB Mike Bates 0-0: Called Strike
0-1: Called Strike
0-2: Foul Ball, location: 2F
0-2: Ball
Marvin McAleer steals 2nd base
1-2: Ball
2-2: Ground out 4-3 (Groundball, 4S, EV 80.0 MPH)
Top of the 1st over - 0 runs, 0 hits, 0 errors, 1 left on base; Pittsburgh 0 - Washington 0
BOTTOM OF THE 1ST
Washington Nationals batting - Pitching for Pittsburgh Pirates : RHP Isaac Spikes
Pitching: RHP Isaac Spikes
Batting: RHB Hisayuki Akiyama 0-0: Ball
1-0: Ball
2-0: Ground out U3 (Groundball, 34S, EV 80.0 MPH)
Batting: RHB Dave Vargas 0-0: Fly out, F4 (Flyball, 34D, EV 90.6 MPH)
Batting: RHB Dan Fallon 0-0: Swinging Strike
0-1: Ball
1-1: Ball
2-1: Ball
3-1: Ground out 5-3 (Groundball, 5S, EV 87.5 MPH)
Bottom of the 1st over - 0 runs, 0 hits, 0 errors, 0 left on base; Pittsburgh 0 - Washington 0
TOP OF THE 2ND
Pittsburgh Pirates batting - Pitching for Washington Nationals : RHP Travis Plesz
Batting: LHB Xavier Pittman 0-0: Ball
1-0: Foul Ball, location: 2F
1-1: Ball
2-1: Ball
3-1: Base on Balls
Batting: RHB Adam Burke 0-0: Fly out, F3 (Popup, 3L, EV 58.8 MPH)
Batting: SHB Brad Day 0-0: Ball
1-0: Ball
2-0: Ball
3-0: Base on Balls
Xavier Pittman to second
Batting: LHB Davey Schonewille 0-0: Called Strike
0-1: Called Strike
0-2: Strikes out swinging
Batting: SHB Trevor Weareorwear 0-0: Swinging Strike
0-1: Ball
1-1: Ground out 4-3 (Groundball, 4M, EV 103.1 MPH)
Top of the 2nd over - 0 runs, 0 hits, 0 errors, 2 left on base; Pittsburgh 0 - Washington 0
BOTTOM OF THE 2ND
Washington Nationals batting - Pitching for Pittsburgh Pirates : RHP Isaac Spikes
Batting: LHB Alexis Cantu 0-0: SOLO HOME RUN (Flyball, 9LD, EV 96.2 MPH), Distance : 343 ft
Batting: LHB Kyung-jin Cho 0-0: Foul Ball, location: 2F
0-1: Swinging Strike
0-2: Ball
1-2: Fly out, F8 (Flyball, 8LD, EV 98.8 MPH)
Batting: RHB Nate Dickinson 0-0: Called Strike
0-1: SINGLE (Line Drive, 8LS, EV 106.2 MPH)
Batting: RHB Dusty Ballard 0-0: Called Strike
Nate Dickinson steals 2nd base
0-1: Foul Ball, location: 2F
0-2: Foul Ball, location: 2F
0-2: Ball
1-2: Fly out, F7 (Flyball, 78S, EV 93.8 MPH)
Batting: LHB Dana McDonald 0-0: Ground out U3 (Groundball, 3, EV 107.5 MPH)
Bottom of the 2nd over - 1 run, 2 hits, 0 errors, 1 left on base; Pittsburgh 0 - Washington 1
TOP OF THE 3RD
Pittsburgh Pirates batting - Pitching for Washington Nationals : RHP Travis Plesz
Batting: LHB Micah Boshnjaku 0-0: Swinging Strike
0-1: Swinging Strike
0-2: Strikes out looking
Batting: RHB David Contreras 0-0: Ground out 4-3 (Groundball, 4M, EV 89.4 MPH)
Batting: SHB Marvin McAleer 0-0: Ball
1-0: Called Strike
1-1: Called Strike
1-2: Fly out, F5 (Popup, 56S, EV 80.0 MPH)
Top of the 3rd over - 0 runs, 0 hits, 0 errors, 0 left on base; Pittsburgh 0 - Washington 1
BOTTOM OF THE 3RD
Washington Nationals batting - Pitching for Pittsburgh Pirates : RHP Isaac Spikes
Batting: RHB Justin Bonner 0-0: Called Strike
0-1: Called Strike
0-2: Ground out 6-3 (Groundball, 6MS, EV 78.8 MPH)
Batting: RHB Hisayuki Akiyama 0-0: Called Strike
0-1: Ball
1-1: Swinging Strike
1-2: Ground out 5-3 (Groundball, 56, EV 101.2 MPH)
Batting: RHB Dave Vargas 0-0: Called Strike
0-1: Swinging Strike
0-2: DOUBLE (Line Drive, 7LM, EV 106.2 MPH)
Batting: RHB Dan Fallon 0-0: Ball
1-0: Ball
2-0: Swinging Strike
2-1: Swinging Strike
2-2: Ball
3-2: Base on Balls
Batting: LHB Alexis Cantu 0-0: Ball
1-0: Swinging Strike
1-1: Fly out, F9 (Line Drive, 9LM, EV 93.8 MPH)
Bottom of the 3rd over - 0 runs, 1 hit, 0 errors, 2 left on base; Pittsburgh 0 - Washington 1
TOP OF THE 4TH
Pittsburgh Pirates batting - Pitching for Washington Nationals : RHP Travis Plesz
Batting: RHB Mike Bates 0-0: Foul Ball, location: 2F
0-1: SINGLE (Line Drive, 8LS, EV 113.1 MPH)
Batting: LHB Xavier Pittman 0-0: Called Strike
0-1: Ball
1-1: Swinging Strike
1-2: Fly out, F8 (Flyball, 8RD, EV 78.8 MPH)
Batting: RHB Adam Burke 0-0: Ball
Mike Bates steals 2nd base
1-0: Ball
2-0: Called Strike
2-1: Ball
3-1: Ground out U3 (Groundball, 34S, EV 84.4 MPH)
Mike Bates to third
Batting: SHB Brad Day 0-0: Foul Ball, location: 2F
0-1: SINGLE (Line Drive, 34D, EV 108.8 MPH)
Mike Bates scores
Batting: LHB Davey Schonewille 0-0: Ball
1-0: Ball
2-0: Called Strike
2-1: Foul Ball, location: 2F
2-2: 2-RUN HOME RUN (Flyball, 9D, EV 95.6 MPH), Distance : 367 ft
Batting: SHB Trevor Weareorwear 0-0: Called Strike
0-1: Ball
1-1: Swinging Strike
1-2: Foul Ball, location: 2F
1-2: Ball
2-2: Foul Ball, location: 2F
2-2: Fly out, F7 (Flyball, 7, EV 90.0 MPH)
Top of the 4th over - 3 runs, 3 hits, 0 errors, 0 left on base; Pittsburgh 3 - Washington 1
BOTTOM OF THE 4TH
Washington Nationals batting - Pitching for Pittsburgh Pirates : RHP Isaac Spikes
Batting: LHB Kyung-jin Cho 0-0: Called Strike
0-1: Swinging Strike
0-2: Ball
1-2: Ball
2-2: Strikes out swinging
Batting: RHB Nate Dickinson 0-0: Ground out 6-3 (Groundball, 6, EV 86.2 MPH)
Batting: RHB Dusty Ballard 0-0: Ball
1-0: Ball
2-0: Ball
3-0: Base on Balls
Batting: LHB Dana McDonald 0-0: Called Strike
0-1: Called Strike
0-2: Strikes out swinging
Bottom of the 4th over - 0 runs, 0 hits, 0 errors, 1 left on base; Pittsburgh 3 - Washington 1
TOP OF THE 5TH
Pittsburgh Pirates batting - Pitching for Washington Nationals : RHP Travis Plesz
Pitching: RHP Ruben Nevarel
Now at 1B: Donovan Auclair
Batting: LHB Micah Boshnjaku 0-0: Called Strike
0-1: Ball
1-1: Called Strike
1-2: Fly out, F7 (Line Drive, 7S, EV 91.9 MPH)
Pinch Hitting: RHB Bubba Tierney 0-0: Ball
1-0: Called Strike
1-1: Ball
2-1: Ground out 4-3 (Groundball, 4, EV 77.5 MPH)
Batting: SHB Marvin McAleer 0-0: Ground out 5-3 (Groundball, 56S, EV 71.9 MPH)
Top of the 5th over - 0 runs, 0 hits, 0 errors, 0 left on base; Pittsburgh 3 - Washington 1
BOTTOM OF THE 5TH
Washington Nationals batting - Pitching for Pittsburgh Pirates : RHP Isaac Spikes
Now at 1B: Chris Pozzi
Now at 2B: Eisse Bravenboer
Now at 3B: Adam Burke
Now at SS: Bubba Tierney
Batting: RHB Justin Bonner 0-0: Called Strike
0-1: Ball
1-1: Ball
2-1: Ground out 6-3 (Groundball, 6, EV 109.4 MPH)
Pinch Hitting: RHB John Sanders 0-0: Ball
1-0: Ball
2-0: Ball
3-0: Called Strike
3-1: Fly out, F9 (Flyball, 89D, EV 86.2 MPH)
Pinch Hitting: LHB Dillon Gonzalez 0-0: Foul Ball, location: 2F
0-1: Swinging Strike
0-2: Ball
1-2: Ground out 4-3 (Groundball, 4, EV 86.2 MPH)
Bottom of the 5th over - 0 runs, 0 hits, 0 errors, 0 left on base; Pittsburgh 3 - Washington 1
TOP OF THE 6TH
Pittsburgh Pirates batting - Pitching for Washington Nationals : RHP Ruben Nevarel
Now at 3B: John Sanders
Now at SS: Dusty Ballard
Now in RF: Dillon Gonzalez
Batting: RHB Eisse Bravenboer 0-0: Called Strike
0-1: Ball
1-1: Foul Ball, location: 2F
1-2: Ball
2-2: Foul Ball, location: 2F
2-2: Strikes out swinging
Batting: RHB Chris Pozzi 0-0: Ball
1-0: Called Strike
1-1: SINGLE (Groundball, 56S, EV 66.2 MPH) (infield hit)
Batting: RHB Adam Burke 0-0: Grounds into double play, 6-4-3 (Groundball, 6, EV 88.8 MPH)
Top of the 6th over - 0 runs, 1 hit, 0 errors, 0 left on base; Pittsburgh 3 - Washington 1
BOTTOM OF THE 6TH
Washington Nationals batting - Pitching for Pittsburgh Pirates : RHP Isaac Spikes
Pitching: RHP Jeremy Kennie
Now in CF: Luis Ramos
Batting: RHB Dan Fallon 0-0: Called Strike
0-1: Foul Ball, location: 2F
0-2: Foul Ball, location: 2F
0-2: Ball
1-2: Ground out 4-3 (Groundball, 4M, EV 81.2 MPH)
Batting: LHB Jeff Luvisi 0-0: Called Strike
0-1: Foul Ball, location: 2F
0-2: Ball
1-2: Ball
2-2: Foul Ball, location: 2F
2-2: Fly out, F8 (Flyball, 8RM, EV 86.2 MPH)
Pinch Hitting: SHB Alex Ethridge 0-0: Called Strike
0-1: Called Strike
0-2: Foul Ball, location: 2F
0-2: Foul Ball, location: 2F
0-2: SINGLE (Groundball, 56D, EV 96.2 MPH)
Pinch Hitting: LHB Pat Aviles 0-0: Called Strike
Alex Ethridge is caught stealing 2nd base 2-6
Bottom of the 6th over - 0 runs, 1 hit, 0 errors, 0 left on base; Pittsburgh 3 - Washington 1
TOP OF THE 7TH
Pittsburgh Pirates batting - Pitching for Washington Nationals : RHP Ruben Nevarel
Pitching: LHP Jake Richards
Now in LF: Dillon Gonzalez
Now in CF: Alex Ethridge
Now in RF: Pat Aviles
Batting: RHB Raul Mendoza 0-0: Ball
1-0: Ball
2-0: Called Strike
2-1: Called Strike
2-2: Strikes out swinging
Pinch Hitting: LHB Jorge Quintana 0-0: SINGLE (Line Drive, 78S, EV 101.9 MPH)
Batting: SHB Trevor Weareorwear 0-0: Foul Ball, location: 2F
0-1: Swinging Strike
0-2: Foul Ball, location: 2F
0-2: Ball
1-2: Ball
2-2: Strikes out swinging
Batting: RHB Luis Ramos 0-0: Called Strike
0-1: Fly out, F7 (Line Drive, 7LS, EV 90.0 MPH)
Top of the 7th over - 0 runs, 1 hit, 0 errors, 1 left on base; Pittsburgh 3 - Washington 1
BOTTOM OF THE 7TH
Washington Nationals batting - Pitching for Pittsburgh Pirates : RHP Jeremy Kennie
Pitching: RHP Ryan Sunday
Now in RF: Jorge Quintana
Batting: LHB Pat Aviles 0-0: Ball
1-0: Called Strike
1-1: SOLO HOME RUN (Flyball, 9LD, EV 97.5 MPH), Distance : 372 ft
Batting: RHB Dusty Ballard 0-0: Called Strike
0-1: Foul Ball, location: 2F
0-2: Ball
1-2: Ball
2-2: Ball
3-2: Base on Balls
Pinch Hitting: LHB Jae-ik Soung 0-0: Ball
1-0: Ball
2-0: Ball
3-0: Base on Balls
Dusty Ballard to second
Pinch Hitting: LHB Seth Cook 0-0: Called Strike
0-1: Ball
1-1: Ball
2-1: Swinging Strike
2-2: Foul Ball, location: 2F
2-2: Ball
3-2: Foul Ball, location: 2F
3-2: Base on Balls
Dusty Ballard to third
Jae-ik Soung to second
Batting: RHB John Sanders 0-0: Called Strike
0-1: Grounds into fielders choice 4-2 (Groundball, 13, EV 90.6 MPH)
Jae-ik Soung to third
Seth Cook to second
Batting: LHB Dillon Gonzalez 0-0: DOUBLE (Flyball, 78XD, EV 107.5 MPH)
Jae-ik Soung scores
Seth Cook scores
John Sanders to third
Batting: RHB Dan Fallon 0-0: Called Strike
0-1: Called Strike
0-2: Ball
1-2: Ball
Wild Pitch!
John Sanders scores
Dillon Gonzalez to third
2-2: Strikes out swinging
Pitching: LHP Jimmy Vanthournoutingtonle
Batting: LHB Jeff Luvisi 0-0: Ball
1-0: Called Strike
1-1: Foul Ball, location: 2F
1-2: Ground out 6-3 (Groundball, 6, EV 111.2 MPH)
Bottom of the 7th over - 4 runs, 2 hits, 0 errors, 1 left on base; Pittsburgh 3 - Washington 5
TOP OF THE 8TH
Pittsburgh Pirates batting - Pitching for Washington Nationals : LHP Jake Richards
Pitching: LHP Anton Erlykov
Now at 1B: Jae-ik Soung
Now at 2B: Seth Cook
Batting: RHB Bubba Tierney 0-0: Ball
1-0: Swinging Strike
1-1: Foul Ball, location: 2F
1-2: Strikes out looking
Pinch Hitting: LHB Marc Carter 0-0: Ball
1-0: Foul Ball, location: 2F
1-1: Called Strike
1-2: Ball
2-2: Ground out 6-3 (Groundball, 6, EV 101.9 MPH)
Batting: RHB Eisse Bravenboer 0-0: Foul Ball, location: 2F
0-1: Foul Ball, location: 2F
0-2: Foul Ball, location: 2F
0-2: Strikes out looking
Top of the 8th over - 0 runs, 0 hits, 0 errors, 0 left on base; Pittsburgh 3 - Washington 5
BOTTOM OF THE 8TH
Washington Nationals batting - Pitching for Pittsburgh Pirates : LHP Jimmy Vanthournoutingtonle
Pitching: RHP Curt Campbell
Now in LF: Jorge Quintana
Now in RF: Marc Carter
Batting: SHB Alex Ethridge 0-0: Ball
1-0: Foul Ball, location: 2F
1-1: Ball
2-1: Foul Ball, location: 2F
2-2: Foul Ball, location: 2F
2-2: Foul Ball, location: 2F
2-2: Foul Ball, location: 2F
2-2: Fly out, F8 (Line Drive, 89M, EV 99.4 MPH)
Batting: LHB Pat Aviles 0-0: Ground out 6-3 (Groundball, 6, EV 85.6 MPH)
Batting: RHB Dusty Ballard 0-0: Foul Ball, location: 2F
0-1: Called Strike
0-2: Ball
1-2: Ball
2-2: Ground out 4-3 (Groundball, 4, EV 81.2 MPH)
Bottom of the 8th over - 0 runs, 0 hits, 0 errors, 0 left on base; Pittsburgh 3 - Washington 5
TOP OF THE 9TH
Pittsburgh Pirates batting - Pitching for Washington Nationals : LHP Anton Erlykov
Pitching: LHP Keith Pratt
Batting: RHB Chris Pozzi 0-0: Ball
1-0: Called Strike
1-1: Swinging Strike
1-2: Ball
2-2: Foul Ball, location: 2F
2-2: Ball
3-2: Fly out, F7 (Flyball, 7LS, EV 93.8 MPH)
Batting: RHB Adam Burke 0-0: Fly out, F6 (Popup, 56D, EV 53.1 MPH)
Batting: RHB Raul Mendoza 0-0: Ball
1-0: Ground out 4-3 (Groundball, 4, EV 105.0 MPH)
Top of the 9th over - 0 runs, 0 hits, 0 errors, 0 left on base; Pittsburgh 3 - Washington 5
Thursday, December 15th , 2022 - OOTP Baseball 23.9 Build 102